 Dungeon Crawl Stone Soup version 0.21-a0-509-gecc5317 (webtiles) character file.

2346 Lasiace the Fighter (level 9, -4/101 HPs)
             Began as an Ogre Hunter on Nov 30, 2017.
             Was a Believer of Dithmenos.
             Slain by a hog (12 damage)
             ... on level 7 of the Dungeon.
             The game lasted 00:42:14 (8087 turns).

Lasiace the Fighter (Ogre Hunter)                   Turns: 8087, Time: 00:42:15

Health: -4/101     AC:  4    Str: 18    XL:     9   Next: 43%
Magic:  9/9        EV: 11    Int: 12    God:    Dithmenos [**....]
Gold:   173        SH:  0    Dex: 12    Spells: 8/8 levels left

rFire    . . .     SeeInvis +   s - +0 mace (venom)
rCold    . . .     Gourm    .   (no shield)
rNeg     . . .     Faith    .   C - +1 robe
rPois    .         Spirit   .   (helmet restricted)
rElec    .         Reflect  .   (no cloak)
rCorr    .         Harm     .   (gloves unavailable)
MR       .....                  (boots unavailable)
Stlth    ++........             (no amulet)
HPRegen  0.26/turn              O - ring of see invisible
MPRegen  0.11/turn              (no ring)

@: wreathed by umbra
A: large, unfitting armour, tough skin 1
a: Shadow Step, Renounce Religion


You were on level 7 of the Dungeon.
You worshipped Dithmenos.
Dithmenos was pleased with you.
You were not hungry.

You visited 1 branch of the dungeon, and saw 7 of its levels.

You collected 345 gold pieces.
You spent 172 gold pieces at shops.

Inventory:

Hand Weapons
 a - a +0 giant club
 s - a +0 mace of venom (weapon)
Missiles
 e - 2 throwing nets {=f!f}
 q - 216 stones (quivered)
 w - 2 large rocks
Armour
 C - a +1 robe (worn)
Jewellery
 O - a ring of see invisible (left hand)
Wands
 k - a wand of polymorph (14)
Scrolls
 c - 3 scrolls of fog {unknown}
 g - a scroll of identify {@r4}
 h - 5 scrolls of magic mapping {unknown}
 i - 3 scrolls of amnesia {unknown}
 m - 5 scrolls of remove curse
 p - a scroll of enchant weapon {unknown}
 r - 2 scrolls of blinking {unknown}
 v - 4 scrolls of teleportation {@r3}
 x - 3 scrolls of fear
 z - a scroll of immolation {unknown}
 A - a scroll of enchant armour
Potions
 j - 4 potions of agility
 l - a potion of haste
 u - a potion of lignification {unknown}
 y - 2 potions of curing {unknown}
 B - a potion of invisibility {unknown}
 D - a potion of brilliance {unknown}
 E - a potion of cancellation {unknown}
 Q - 2 potions of heal wounds {@q1}
Books
 t - a Young Poisoner's Handbook

   Spells                             Type                      Level
   a - Sting                          Conjuration/Poison           1
   b - Poisonous Vapours              Poison/Air                   2
   c - Mephitic Cloud                 Conjuration/Poison/Air       3
   d - Olgreb's Toxic Radiance        Poison                       4
   e - Venom Bolt                     Conjuration/Poison           5
Comestibles
 b - 3 fruits
 d - 4 chunks of flesh
 f - 8 bread rations
 n - a royal jelly
 o - 3 meat rations


   Skills:
 - Level 10.0 Fighting
 - Level 8.1 Maces & Flails
 - Level 4.0 Throwing
 + Level 4.0 Dodging
 - Level 0.6 Stealth


You had 8 spell levels left.
You didn't know any spells.

Dungeon Overview and Level Annotations

Branches:
Dungeon (7/15)
 Temple: D:4-7

Altars:
Ashenzari
Dithmenos
Gozag
Makhleb
Nemelex Xobeh
Okawaru
Qazlal
Ru
Trog
Xom
Yredelemnul
The Shining One

Shops:
D:5 *


Innate Abilities, Weirdness & Mutations

You are too large for most types of armour.
You have tough skin. (AC +1)


Message History

Dithmenos accepts your kill.
You can now step into the shadows of nearby creatures.
Training target 8.0 for Maces & Flails reached!
Your Maces & Flails skill increases to level 8!
You need to enable at least one skill for training.
There is a stone staircase leading up, spattered with blood here.
The hog bites you!
* * * LOW HITPOINT WARNING * * *
The hog misses you.
Press: ? - help, v - describe, . - travel
Here: a hog (umbra)
The floor.
Okay, then.
You don't know any spells.
Evoke which item? (* to show all) (? for menu, Esc to quit)
Aiming: Polymorph
Press: ? - help, Shift-Dir - straight line, f - hog
Aim: a hog (umbra, chance to defeat MR: 46%)
The hog resists with some effort.
The hog bites you!
You die...

........#........#
........#.######.#
#####.....# #.#
###.### #<# ##.##
#.# #####...#####
#.# #...........#
#.# #.###...###.#
#h# #.# ##.## #>#
#@# ##.#
#.####>###.#
##.####.##.......#
#....)..##.#.#####
...#######.#.#
#..# # #.# #..#
#.# #..# #.# #..#
#.#


You could see a hog.

Vanquished Creatures
  Prince Ribbit (D:7)
  A yak (D:7)
  2 hogs (D:7)
  A human (D:7)
  3 phantoms
  2 ice beasts
  5 ogres
  A gnoll sergeant (D:7)
  A scorpion (D:4)
  A howler monkey (D:6)
  2 crimson imps
  3 hounds
  A jelly (D:5)
  A centaur skeleton (D:6)
  3 iguanas
  14 adders
  3 gnolls (D:7)
  2 shadow imps (D:6)
  An ooze (D:1)
  An adder zombie (D:7)
  An adder skeleton (D:5)
  A worm (D:3)
  7 dart slugs
  7 leopard geckos
  7 orcs
  9 bats
  6 giant cockroaches
  6 goblins
  7 hobgoblins
  A jackal (D:3)
  6 quokkas
  A ball python (D:2)
  5 frilled lizards
  7 kobolds
  A leopard gecko skeleton (D:4)
  A quokka skeleton (D:5)
  9 rats
  A butterfly (D:6)
132 creatures vanquished.

Notes
Turn   | Place    | Note
-------+----------+-------------------------------------------
     0 | D:1      | Lasiace the Ogre Hunter began the quest for the Orb.
     0 | D:1      | Reached XP level 1. HP: 22/22 MP: 1/1
   229 | D:1      | Reached skill level 3 in Fighting
   349 | D:1      | Reached XP level 2. HP: 31/31 MP: 2/2
   696 | D:1      | Reached XP level 3. HP: 37/37 MP: 3/3
   834 | D:1      | Reached skill level 1 in Maces & Flails
  1233 | D:2      | Found a shadowy altar of Dithmenos.
  1361 | D:2      | Found a bloodstained altar of Trog.
  1424 | D:2      | Became a worshipper of Dithmenos the Shadowed
  1501 | D:2      | Reached skill level 4 in Fighting
  1501 | D:2      | Reached XP level 4. HP: 48/48 MP: 4/4
  2755 | D:3      | Reached XP level 5. HP: 54/54 MP: 5/5
  3720 | D:4      | Noticed an ogre
  3733 | D:4      | Killed an ogre
  3733 | D:4      | Reached * piety under Dithmenos
  3733 | D:4      | Reached XP level 6. HP: 62/62 MP: 6/6
  4664 | D:4      | Found a shattered altar of Ashenzari.
  4664 | D:4      | Found a sacrificial altar of Ru.
  4669 | D:4      | Found a stormy altar of Qazlal.
  4671 | D:4      | Found an iron altar of Okawaru.
  4672 | D:4      | Found an opulent altar of Gozag.
  4769 | D:4      | Noticed a phantom
  4809 | D:4      | Killed a phantom
  4809 | D:4      | Reached skill level 5 in Fighting
  4809 | D:4      | Reached XP level 7. HP: 42/72 MP: 7/7
  4867 | D:5      | Entered Level 5 of the Dungeon
  5136 | D:5      | Found Tuqev's Assorted Antiques.
  5164 | D:5      | Found a glowing golden altar of the Shining One.
  5168 | D:5      | Bought a scroll labeled SEGOYG INI TAO for 36 gold pieces
  5168 | D:5      | Bought a glowing pink potion for 32 gold pieces
  5168 | D:5      | Bought a brown potion for 32 gold pieces
  5168 | D:5      | Bought a scroll of identify for 72 gold pieces
  5342 | D:5      | Reached skill level 6 in Fighting
  5555 | D:5      | Reached skill level 5 in Maces & Flails
  5857 | D:5      | Reached XP level 8. HP: 73/84 MP: 8/8
  5877 | D:5      | Found a sparkling altar of Nemelex Xobeh.
  5880 | D:5      | Reached skill level 7 in Fighting
  6632 | D:6      | Found a shimmering altar of Xom.
  6739 | D:6      | Reached skill level 8 in Fighting
  6994 | D:6      | Found a basalt altar of Yredelemnul.
  7327 | D:6      | Found a burning altar of Makhleb.
  7537 | D:7      | Reached skill level 9 in Fighting
  7627 | D:7      | Noticed Prince Ribbit
  7665 | D:7      | Killed Prince Ribbit
  7665 | D:7      | Reached XP level 9. HP: 57/101 MP: 9/9
  7897 | D:7      | Reached skill level 10 in Fighting
  8074 | D:7      | Reached ** piety under Dithmenos
  8087 | D:7      | Slain by a hog

Vault maps used:
D:1:      matt_arrival_los_fun
D:2:      grunt_dithmenos_smoke_and_mirrors, overflow_temple_1_default
D:4:      chequers_temple_overflow_minitemple, first_bread
D:5:      nemelex_xobeh_ov_fountains_minmay, lemuel_crystal_altar, serial_shops,
          nicolae_shop_overgrown_old_shop, amethyst_killhole
D:6:      xom_butterflies, marbit_many_paths, makhleb_heckhound_becter
D:7:      nicolae_temple_entry_ecumenical, grunt_livestock, uniq_prince_ribbit1

Skill      XL: |  1  2  3  4  5  6  7  8  9 |
---------------+----------------------------+-----
Fighting       | 3 4 5 6 9 10 | 10.0
Dodging        | 2 3 4 |  4.0
Maces & Flails | 1 2 3 4 5 6 8 |  8.1
Throwing       | |  4.0
Stealth        | |  0.6

Action                   |  1- 3 |  4- 6 |  7- 9 || total
-------------------------+-------+-------+-------++-------
Melee: Club              |   121 |    16 |       ||   137
       Short sword       |    11 |       |       ||    11
       Flail             |       |    94 |       ||    94
       Whip              |       |    20 |       ||    20
       Mace              |       |    14 |   196 ||   210
       Giant club        |       |     8 |    15 ||    23
Throw: Large rock        |     9 |     9 |    12 ||    30
       Stone             |       |   185 |   135 ||   320
       Tomahawk          |       |     1 |     2 ||     3
Evoke: Wand              |       |       |     1 ||     1
  Use: Scroll            |       |     4 |     4 ||     8
 Stab: Sleeping          |     2 |       |       ||     2
  Eat: Chunk             |     2 |     9 |    12 ||    23
Armor: Robe              |    54 |    26 |    34 ||   114
Dodge: Dodged            |   109 |    90 |   133 ||   332

Table legend:
 A = Spawn XP
 B = Non-spawn XP
 C = Spawn XP percentage of total XP
 D = Spawn monster count
 E = Non-spawn monster count
 F = Spawn count percentage of total count
 G = Total turns spent on level
                    A         B        C        D         E        F      G
               +---------+---------+-------+---------+---------+-------+---------
         Total |       0 |    3352 |   0.0 |       0 |     131 |   0.0 |  8087
               +---------+---------+-------+---------+---------+-------+---------
           D:1 |       0 |      41 |   0.0 |       0 |      19 |   0.0 |   977
           D:2 |       0 |      55 |   0.0 |       0 |      18 |   0.0 |   867
           D:3 |       0 |     102 |   0.0 |       0 |      30 |   0.0 |  1572
           D:4 |       0 |     431 |   0.0 |       0 |      17 |   0.0 |  1757
           D:5 |       0 |     736 |   0.0 |       0 |      17 |   0.0 |  1352
           D:6 |       0 |     672 |   0.0 |       0 |      17 |   0.0 |  1005
           D:7 |       0 |    1315 |   0.0 |       0 |      13 |   0.0 |   557
               +---------+---------+-------+---------+---------+-------+---------
